[Event "*** Titled Tuesday Blitz"]
[Site "Chess.com"]
[Date "2021.02.02"]
[Round "9"]
[White "Fandorine"]
[Black "lachesisQ"]
[Result "0-1"]
[WhiteElo "2846"]
[BlackElo "3069"]
[TimeControl "180+1"]
[EndTime "11:44:54 PST"]
[Termination "lachesisQ won by checkmate"]

1. e4 c5 2. Nf3 Nc6 3. Bb5 e6 4. c3 Nge7 5. d4 cxd4 6. cxd4 a6 7.
Be2 d5 8. e5 Qb6 9. Bd3 Bd7 10.
Bc2 Nb4 11. O-O Nxc2 12. Qxc2 Nf5 13. Be3 Rc8 14. Nc3 Bb4 15. a3 Bxc3 16. bxc3 O-O 17. g4 Nxe3 18. fxe3 f6 19. exf6 gxf6 20. g5 Bb5 21. Rf2 Qc7 22. gxf6 Rxf6 23. a4 Bc4 24. Rg2+ Kh8 25. Ne5 Rcf8 26. h3 Bf1 27. Rg3 Rf5 28.
Re1 Qe7 29. e4 Qh4 30. Ree3 Rg5 31. Qh2 Bxh3 32. Rxg5 Rf1# 0-1

[Event "*** Titled Tuesday Blitz"]
[Site "Chess.com"]
[Date "2021.02.02"]
[Round "9"]
[White "floplover"]
[Black "onnoelgersma"]
[Result "0-1"]
[WhiteElo "2328"]
[BlackElo "2474"]
[TimeControl "180+1"]
[EndTime "11:44:55 PST"]
[Termination "onnoelgersma won by resignation"]

1. d4 d5 2. c4 e6 3. Nf3 Nf6 4.
Nc3 a6 5. cxd5 exd5 6. Bf4 Be6 7. e3 Bd6 8. Bxd6 Qxd6 9. Bd3 O-O 10. O-O Nbd7 11.
h3 Rfe8 12. Qc2 Rad8 13. b4 c6 14. a4 Ra8 15. Rfc1 Rec8 16. Rab1 b6 17. a5 bxa5 18. bxa5 c5 19. Qa2 c4 20. Bc2 Rab8 21. Na4 Ne4 22. Rb2 Rxb2 23. Qxb2 Rb8 24. Qa1 f5 25. Bxe4 fxe4 26.
Nd2 Qb4 27. Qa2 Qxa5 28. Kf1 Rb4 29. Ra1 Nb6 30. Nc5 Qxa2 31. Rxa2 Bc8 32. Nxa6 Bxa6 33. Rxa6 c3 34. Nxe4 c2 35. Ke2 c1=Q 0-1

[Event "*** Titled Tuesday Blitz"]
[Site "Chess.com"]
[Date "2021.02.02"]
[Round "9"]
[White "verdest"]
[Black "Happy1712Drummer"]
[Result "1-0"]
[WhiteElo "2482"]
[BlackElo "2342"]
[TimeControl "180+1"]
[EndTime "11:44:56 PST"]
[Termination "verdest won on time"]

1. Nf3 c6 2. c4 d5 3. e3 Nf6 4. b3 g6 5. Bb2 Bg7 6. Be2 O-O 7.
O-O a5 8. Nc3 Ne4 9. Qc2 Na6 10.
a3 Nac5 11. d3 Nxc3 12. Bxc3 dxc4 13. bxc4 Bxc3 14. Qxc3 Bf5 15. Rfd1 f6 16. e4 Bg4 17.
d4 Nxe4 18. Qe3 Nd6 19. h3 Bxf3 20. Bxf3 Kg7 21. c5 Nf5 22. Qe4 Qc7 23. Rab1 Rad8 24.
d5 cxd5 25. Rxd5 Rxd5 26. Qxd5 Rd8 27. Rxb7 1-0

[Event "*** Titled Tuesday Blitz"]
[Site "Chess.com"]
[Date "2021.02.02"]
[Round "9"]
[White "Yaryi_sergey"]
[Black "AniJak"]
[Result "1/2-1/2"]
[WhiteElo "2455"]
[BlackElo "2295"]
[TimeControl "180+1"]
[EndTime "11:44:57 PST"]
[Termination "Game drawn by agreement"]

1. Nf3 d5 2. g3 Nf6 3. Bg2 g6 4. d3 Bg7 5. O-O O-O 6. c4 c6 7. Nbd2 Bg4 8. h3 Bxf3 9. Nxf3 Nbd7 10. Qc2 e5 11. Bg5 Rc8 12. Rac1 dxc4 13. dxc4 Qe7 14. Nd2 Nc5 15. b4 Ne6 16. Bxf6 Qxf6 17. Ne4 Qe7 18.
c5 f5 19. Nd6 Rcd8 20. Qb3 Kh8 21. e3 b6 22. Qc4 e4 23. Rfd1 bxc5 24. bxc5 Be5 25.
Qa6 Qc7 26. Qc4 Nxc5 27. Qxc5 Rxd6 28. Rxd6 Qxd6 29. Qxd6 Bxd6 30. Rxc6 Bb4 31. Rc7 a5 32. Bf1 Rd8 33. Rc2 Rd2 34. Rxd2 Bxd2 35. Bc4 Kg7 36.
Kf1 Kf6 37. Ke2 Bb4 38. h4 h6 1/2-1/2

[Event "*** Titled Tuesday Blitz"]
[Site "Chess.com"]
[Date "2021.02.02"]
[Round "9"]
[White "hansen"]
[Black "Hikaru"]
[Result "0-1"]
[WhiteElo "2913"]
[BlackElo "3182"]
[TimeControl "180+1"]
[EndTime "11:44:58 PST"]
[Termination "Hikaru won by resignation"]

1. e4 e5 2. Nf3 Nc6 3. Bb5 g6 4. d4 exd4 5. Bg5 f6 6. Bh4 Bg7 7. c3 dxc3 8. Nxc3 Nge7 9. Bc4 Na5 10. Bb3 Nxb3 11. Qxb3 d6 12. O-O Qd7 13. Rfe1 Nc6 14. Rad1 Qf7 15. Nd5 Rb8 16. e5 dxe5 17. Nxf6+ Bxf6 18. Nxe5 Qxb3 19. Nxc6+ Kf7 20. Bxf6 Kxf6 21. Nxb8 Qxb2 0-1

[Event "*** Titled Tuesday Blitz"]
[Site "Chess.com"]
[Date "2021.02.02"]
[Round "9"]
[White "MartinMatthiesen"]
[Black "AlexTriapishko"]
[Result "0-1"]
[WhiteElo "2373"]
[BlackElo "2886"]
[TimeControl "180+1"]
[EndTime "11:45:04 PST"]
[Termination "AlexTriapishko won on time"]

1. d4 d6 2. Nf3 Nf6 3. c4 g6 4. Nc3 Bf5 5. d5 Bg7 6. Nd4 Bd7 7. e4 O-O 8. Be2 a5 9. O-O Na6 10. Be3 Nc5 11. f3 e5 12. Ndb5 Nh5 13. g3 f5 14.
Bf2 f4 15. g4 Nf6 16. h3 h5 17.
Kg2 Nh7 18. b3 Bf6 19. a3 Bh4 20. b4 Bxf2 21. Rxf2 axb4 22. axb4 Rxa1 23. Qxa1 Nb3 24. Qe1 Nd4 25. Nxd4 exd4 26. Nb5 Bxb5 27. cxb5 hxg4 28.
hxg4 Ng5 29. Rf1 Nf7 30. Rh1 Ne5 31. Qd2 Qf6 32. Qxd4 Ra8 33. Ra1 Rxa1 34. Qxa1 b6 35.
Qc1 Qf7 36. Qd2 Kg7 37. Qc3 Kh6 38. Qc2 Kg5 39. Qc3 Qh7 40. Qe1 Qh8 41. Qc3 Qb8 0-1

[Event "*** Titled Tuesday Blitz"]
[Site "Chess.com"]
[Date "2021.02.02"]
[Round "9"]
[White "Szparu"]
[Black "Alexsur1981"]
[Result "1/2-1/2"]
[WhiteElo "2677"]
[BlackElo "2850"]
[TimeControl "180+1"]
[EndTime "11:45:05 PST"]
[Termination "Game drawn by repetition"]

1. d4 d6 2. e4 g6 3. Nc3 Bg7 4.
Bg5 c5 5. d5 h6 6. Bf4 Nf6 7. Qd2 Nbd7 8. h3 a6 9. a4 Rb8 10. Nf3 g5 11. Be3 b5 12. axb5 axb5 13.
e5 dxe5 14. Bxb5 O-O 15. h4 Nb6 16. hxg5 hxg5 17. Nxg5 Nbxd5 18. Bd3 Nxe3 19. Qxe3 Qd4 20. Qg3 Qf4 21. Nd5 Nxd5 22. Bh7+ Kh8 23. Bf5+ Kg8 24. Bh7+ Kh8 25. Bf5+ Kg8 26. Bh7+ 1/2-1/2

[Event "*** Titled Tuesday Blitz"]
[Site "Chess.com"]
[Date "2021.02.02"]
[Round "9"]
[White "MasterSonnevanck23"]
[Black "sorrm8thatscheckm8"]
[Result "0-1"]
[WhiteElo "2374"]
[BlackElo "2548"]
[TimeControl "180+1"]
[EndTime "11:45:05 PST"]
[Termination "sorrm8thatscheckm8 won by resignation"]

1. d4 Nf6 2. c4 g6 3. Nc3 Bg7 4.
e4 d6 5. Nf3 O-O 6. Be2 e5 7.
Be3 Ng4 8. Bg5 f6 9. Bh4 g5 10. Bg3 Nc6 11. d5 Ne7 12. h4 Ng6 13. Nd2 Qd7 14. hxg5 fxg5 15. Bxg4 Qxg4 16. Qxg4 Bxg4 17. Nf1 Nf4 18. Ne3 Bd7 19. Kd2 h5 20. f3 a6 21.
Rac1 b5 22. Ncd1 h4 23. Bxf4 exf4 24. Ng4 Bxg4 25. fxg4 f3 26. gxf3 Rxf3 27. Ne3 Bxb2 28. Rcf1 Rxf1 29. Rxf1 Be5 30. Nf5 Bf4+ 31. Kd3 bxc4+ 32.
Kxc4 h3 33. Ne7+ Kf7 34. Nf5 h2 35. Nd4 Rh8 36. Rh1 Rh4 37. Nf3 Rxg4 0-1

[Event "*** Titled Tuesday Blitz"]
[Site "Chess.com"]
[Date "2021.02.02"]
[Round "9"]
[White "Homino"]
[Black "fridaywins"]
[Result "1-0"]
[WhiteElo "2295"]
[BlackElo "2148"]
[TimeControl "180+1"]
[EndTime "11:45:06 PST"]
[Termination "Homino won by resignation"]

1. e4 e5 2. Nf3 Nc6 3. Bb5 a6 4. Ba4 Nf6 5. O-O Be7 6. Re1 b5 7. Bb3 d6 8. c3 O-O 9. h3 Na5 10. Bc2 c5 11. d4 Nd7 12. a4 Rb8 13. Nbd2 b4 14. cxb4 cxb4 15. Nb3 Bf6 16. Be3 Nc4 17. Bc1 a5 18. Bd3 Ndb6 19. d5 Bd7 20. Qe2 Qc7 21. Bg5 Bxg5 22. Nxg5 Bxa4 23. Bxc4 Qxc4 24. Qxc4 Nxc4 25. Rxa4 Nxb2 26. Rxa5 h6 27. Nf3 Rfc8 28. Ra6 Rc3 29. Nfd2 Nd3 30. Rb1 Nc5 31. Rxd6 Nxb3 32.
Nxb3 1-0

[Event "*** Titled Tuesday Blitz"]
[Site "Chess.com"]
[Date "2021.02.02"]
[Round "9"]
[White "PriSachu"]
[Black "DenisQ"]
[Result "0-1"]
[WhiteElo "2486"]
[BlackElo "2653"]
[TimeControl "180+1"]
[EndTime "11:45:07 PST"]
[Termination "DenisQ won by resignation"]

1. e4 c6 2. d4 d5 3. Nd2 dxe4 4.
Nxe4 Bf5 5. Ng3 Bg6 6. h4 h6 7. Nf3 e6 8. Bd3 Bxd3 9. Qxd3 Nf6 10. Bf4 Qa5+ 11. Bd2 Bb4 12. c3 Be7 13. c4 Bb4 14. O-O Bxd2 15. Nxd2 O-O 16. Nb3 Qc7 17. f4 Nbd7 18.
f5 e5 19. d5 cxd5 20. cxd5 Rad8 21. Rac1 Qd6 22. Rfd1 Nb6 23. Nc5 Nbxd5 24. Nxb7 Qb6+ 25. Nc5 Rc8 26. Qa3 Nb4 27. Qe3 Ng4 28. Qc3 Nxa2 29. Qc4 Nxc1 30. Rxc1 Ne3 31. Qc3 Nd5 32. Qc4 Qxb2 33. Rd1 Ne3 0-1

[Event "*** Titled Tuesday Blitz"]
[Site "Chess.com"]
[Date "2021.02.02"]
[Round "9"]
[White "Kale36"]
[Black "Tekushka"]
[Result "1/2-1/2"]
[WhiteElo "2280"]
[BlackElo "2437"]
[TimeControl "180+1"]
[EndTime "11:45:07 PST"]
[Termination "Game drawn by agreement"]

1. b3 d5 2. Bb2 Nf6 3. e3 Bf5 4.
Nf3 e6 5. d4 h6 6. Bd3 c6 7.
O-O Bd6 8. Nbd2 Bxd3 9. cxd3 O-O 10. Ne5 Nbd7 11. f4 Ne8 12. Rf3 f6 13. Ng6 Rf7 14.
Rg3 f5 15. Nf3 Nf8 16. Nfe5 Bxe5 17. Nxe5 Rc7 18. Qh5 Qf6 19. Ng6 Kh7 20. Nxf8+ Qxf8 21. Qg6+ Kh8 22. Qxe6 Re7 23. Qg6 Qf6 24. Qxf6 Nxf6 25. h3 Rae8 26. Kf2 Kg8 27. Re1 Kf7 28. Rf3 Re6 29.
Bc1 h5 30. Rg1 Rh8 31. g3 Ree8 32. Kg2 Re6 33. Bd2 Ree8 34. Kf2 Re6 35. Kg2 Ree8 36. Kf2 Re6 1/2-1/2

[Event "*** Titled Tuesday Blitz"]
[Site "Chess.com"]
[Date "2021.02.02"]
[Round "9"]
[White "TurboSteen"]
[Black "publicaccountcze"]
[Result "0-1"]
[WhiteElo "2037"]
[BlackElo "2333"]
[TimeControl "180+1"]
[EndTime "11:45:10 PST"]
[Termination "publicaccountcze won by checkmate"]

1. e4 c5 2. Nc3 Nc6 3. Bb5 e6 4. Bxc6 dxc6 5. f4 Bd6 6. d3 e5 7. Nf3 Bg4 8. O-O exf4 9. e5 Bxf3 10. Qxf3 Bxe5 11. Re1 f6 12. Bxf4 Qd4+ 13. Kh1 Ne7 14. Bxe5 fxe5 15. Qh5+ Ng6 16. Re4 Qd6 17. Rc4 O-O-O 18.
Ne4 Qd5 19. Rxc5 Qd4 20. Rc4 Qxb2 21. Qd1 Rhf8 22. Rb1 Qxa2 23. Nc5 Qxc4 24. dxc4 Rxd1+ 25. Rxd1 b6 26. Ne6 Rf7 27. Rd8+ Kb7 28. Rg8 Rf1# 0-1

[Event "*** Titled Tuesday Blitz"]
[Site "Chess.com"]
[Date "2021.02.02"]
[Round "9"]
[White "jefferyx"]
[Black "mishanick"]
[Result "1/2-1/2"]
[WhiteElo "2976"]
[BlackElo "2910"]
[TimeControl "180+1"]
[EndTime "11:45:11 PST"]
[Termination "Game drawn by agreement"]

1. d4 Nf6 2. c4 e6 3. Nc3 Bb4 4.
Nf3 d5 5. Qa4+ Nc6 6. Bg5 dxc4 7. e3 Bd7 8. Qc2 b5 9. Bxf6 Qxf6 10. a4 bxa4 11. Bxc4 Na5 12. Be2 Nb3 13. Ra2 c5 14.
O-O Bxc3 15. bxc3 O-O 16. Ne5 Qe7 17. Qd3 Rfc8 18. Nxd7 Qxd7 19. Qb5 Qxb5 20. Bxb5 cxd4 21. cxd4 Rab8 22. Bxa4 Nc1 23. Ra1 Ne2+ 24. Kh1 Nc3 25. Bc2 Rc7 26. Bd3 g6 27. g3 Nd5 28. Kg2 Rb2 29.
Kf3 h5 30. Ra3 Nb4 31. Be4 f5 32. Bb1 Kf7 33. h4 Kf6 34. Ra5 Rc3 35. Rxa7 Rcb3 36. Ra1 Rd2 37. Ra8 Rxd4 38. Ba2 Rc3 39. Rb1 Nxa2 40.
Rxa2 Rdc4 1/2-1/2

[Event "*** Titled Tuesday Blitz"]
[Site "Chess.com"]
[Date "2021.02.02"]
[Round "9"]
[White "Brave_spirit12"]
[Black "Mbneu"]
[Result "1-0"]
[WhiteElo "2485"]
[BlackElo "2293"]
[TimeControl "180+1"]
[EndTime "11:45:11 PST"]
[Termination "Brave_spirit12 won on time"]

1. e4 c5 2. c3 Nf6 3. e5 Nd5 4. d4 cxd4 5. Nf3 b6 6. cxd4 e6 7. Nc3 Nxc3 8. bxc3 Be7 9. Bd3 Ba6 10. c4 O-O 11.
Qe2 Nc6 12. h4 f5 13. exf6 Bb4+ 14. Kf1 Qxf6 15. Bg5 Qf7 16. Be3 d5 17. Bxh7+ Kxh7 18. Ng5+ Kg8 19. Nxf7 Bxc4 20. Ng5 Bc3 21. Rc1 Bxe2+ 22.
Kxe2 Nxd4+ 23. Kd3 Nb5 24. a4 d4 25. axb5 dxe3 26.
Rxc3 exf2 27. Rcc1 Rad8+ 28. Ke2 Rf4 29. Rhd1 Rxd1 30.
Rxd1 1-0

[Event "*** Titled Tuesday Blitz"]
[Site "Chess.com"]
[Date "2021.02.02"]
[Round "9"]
[White "Taktikmonster"]
[Black "BairaKovanova"]
[Result "0-1"]
[WhiteElo "2290"]
[BlackElo "2469"]
[TimeControl "180+1"]
[EndTime "11:45:11 PST"]
[Termination "BairaKovanova won on time"]

1. e4 e5 2. Nf3 Nc6 3. Bb5 a6 4. Ba4 Nge7 5. O-O g6 6. c3 Bg7 7.
d4 exd4 8. cxd4 b5 9. Bb3 d6 10. Nc3 O-O 11. Nd5 Na5 12. Bg5 Nac6 13. Rc1 h6 14. Bh4 g5 15. Nxg5 Ng6 16. Ne6 Qxh4 17. Nxf8 Nge7 18. Ng6 Nxg6 19. Rxc6 Be6 20. Nxc7 Bxb3 21.
Qxb3 Rc8 22. Rfc1 Bxd4 23. Qg3 Qh5 24. Rxd6 Be5 25. Rxg6+ fxg6 26. Qb3+ Kh7 0-1

[Event "*** Titled Tuesday Blitz"]
[Site "Chess.com"]
[Date "2021.02.02"]
[Round "9"]
[White "SkippingLaptop"]
[Black "dianamirza"]
[Result "0-1"]
[WhiteElo "2061"]
[BlackElo "1920"]
[TimeControl "180+1"]
[EndTime "11:45:12 PST"]
[Termination "dianamirza won by checkmate"]

1. c4 c5 2. g3 Nc6 3. Bg2 g6 4. Nf3 Bg7 5. O-O e6 6. Nc3 Nge7 7. d3 O-O 8. Rb1 Rb8 9. a3 a6 10. Bd2 b5 11. cxb5 axb5 12. b4 c4 13. dxc4 bxc4 14.
e3 d5 15. Ne2 Na7 16. Bc3 Nb5 17. Bxg7 Kxg7 18. Nfd4 Nxa3 19. Rb2 Bd7 20. Nc3 Nc6 21. Qd2 Nxd4 22. Qxd4+ Qf6 23. Ra1 Qxd4 24. exd4 Nb5 25. Nxb5 Bxb5 26. Ra7 Ra8 27. Rb7 Ra1+ 28. Bf1 c3 29. Rc2 Bxf1 30. f4 Bd3+ 31. Kf2 Bxc2 32. Rc7 Ra3 33. g4 Be4 34. h4 c2 35. f5 Rf3+ 36.
Ke2 gxf5 37. gxf5 exf5 38. b5 Rb3 39. Rc5 Rb8 40. b6 R3xb6 41. Ke3 Rb3+ 42. Kf4 Rb1 43. Ke5 c1=Q 44. Rxc1 Rxc1 45. h5 Re8+ 46. Kd6 Re6+ 47. Kd7 Rb1 48. h6+ Kxh6 49. Kd8 Ra6 50. Kd7 Rb7+ 51.
Kc8 Raa7 52. Kd8 Rb8# 0-1

[Event "*** Titled Tuesday Blitz"]
[Site "Chess.com"]
[Date "2021.02.02"]
[Round "9"]
[White "akanga001"]
[Black "AntonovaNadezhda"]
[Result "0-1"]
[WhiteElo "1972"]
[BlackElo "2146"]
[TimeControl "180+1"]
[EndTime "11:45:13 PST"]
[Termination "AntonovaNadezhda won by resignation"]

1. d4 Nf6 2. c4 g6 3. Nc3 Bg7 4.
Nf3 O-O 5. Bg5 d6 6. e3 Nbd7 7.
Be2 b6 8. Qc2 Bb7 9. d5 h6 10. Bh4 g5 11. Bg3 Nh5 12. Nxg5 hxg5 13. Bxh5 f5 14. f4 Bh6 15. O-O g4 16. h3 Nf6 17. hxg4 Nxh5 18. gxh5 Qe8 19. Qe2 e5 20. e4 fxe4 21. fxe5 dxe5 22. Nxe4 Qe7 23. Rxf8+ Rxf8 24.
Rf1 Bc8 25. Rxf8+ Bxf8 26. Qf3 Bg7 27. a3 a5 28. b4 axb4 29. axb4 Qxb4 30. Nf6+ Kh8 31.
Bxe5 Qe1+ 32. Qf1 Qxe5 0-1

[Event "*** Titled Tuesday Blitz"]
[Site "Chess.com"]
[Date "2021.02.02"]
[Round "9"]
[White "fish7728"]
[Black "Iskusnyh"]
[Result "0-1"]
[WhiteElo "2211"]
[BlackElo "2589"]
[TimeControl "180+1"]
[EndTime "11:45:14 PST"]
[Termination "Iskusnyh won by resignation"]

1. d4 d5 2. c4 c6 3. Nc3 Nf6 4. e3 e6 5. Nf3 a6 6. b3 Bb4 7.
Bb2 Ne4 8. Rc1 Qa5 9. Qc2 Qxa2 10. Bd3 Bxc3+ 11. Bxc3 Qxc2 12. Rxc2 Nxc3 13. Rxc3 Ke7 14. c5 Nd7 15. b4 Kf6 16. Kd2 e5 17. Be2 Re8 18. Ra1 Rb8 19. Bf1 g6 20. Be2 Kg7 21.
Bf1 f6 22. Be2 Nf8 23. Bf1 Bg4 24. dxe5 fxe5 25. h3 Bxf3 26. gxf3 Ne6 27. Rd3 Rf8 28. Be2 Ng5 29. e4 d4 30. h4 Ne6 31. Rda3 Nf4 32. Rh1 Kh6 33. Bc4 Rf6 34. Bb3 Rbf8 35. Bd1 Ne6 36. Kd3 Rxf3+ 37. Bxf3 Rxf3+ 0-1

[Event "*** Titled Tuesday Blitz"]
[Site "Chess.com"]
[Date "2021.02.02"]
[Round "9"]
[White "GMMarcinDziuba"]
[Black "annacramling"]
[Result "1-0"]
[WhiteElo "2584"]
[BlackElo "2120"]
[TimeControl "180+1"]
[EndTime "11:45:16 PST"]
[Termination "GMMarcinDziuba won on time"]

1. Nf3 c5 2. c3 d5 3. d4 e6 4. Bf4 Nc6 5. e3 Qb6 6. Qc2 Nf6 7. Nbd2 Be7 8. Bd3 O-O 9. O-O Bd7 10. Ne5 h6 11. dxc5 Bxc5 12. Nxd7 Nxd7 13. e4 d4 14. b4 Be7 15. a3 dxc3 16. Nc4 Qd8 17. Rad1 Rc8 18.
Qxc3 b5 19. Nd6 Bxd6 20. Bxd6 Re8 21. Bxb5 Nce5 22. Qg3 Qf6 23. Bxe5 Nxe5 24. Bxe8 Rxe8 25. Qc3 Qf4 26. f3 Ng6 27. Qd2 Qf6 28. Qd4 e5 29.
Qxa7 Qg5 30. Qf2 Nf4 31. Kh1 Ra8 32. g3 Nh3 33. Qd2 Qh5 34. Ra1 Ng5 35. b5 Nxf3 36.
Qe2 1-0

[Event "*** Titled Tuesday Blitz"]
[Site "Chess.com"]
[Date "2021.02.02"]
[Round "9"]
[White "motivated_bishop"]
[Black "dozer80"]
[Result "1-0"]
[WhiteElo "2432"]
[BlackElo "2590"]
[TimeControl "180+1"]
[EndTime "11:45:17 PST"]
[Termination "motivated_bishop won by resignation"]

1. d4 Nf6 2. c4 c5 3. d5 b5 4. cxb5 a6 5. bxa6 e6 6. dxe6 fxe6 7. Nc3 d5 8. Nf3 Bd6 9. e3 O-O 10. Be2 Nxa6 11. O-O Bb7 12. Bd2 Kh8 13. h3 Qe7 14.
Nb5 Bb8 15. Qc2 e5 16. a3 e4 17. Nh2 Nc7 18. Nxc7 Qxc7 19. f4 exf3 20. Nxf3 d4 21. exd4 Bxf3 22. Bxf3 Qh2+ 23. Kf2 Re8 24. Bxa8 Qg3+ 25.
Kg1 Qh2+ 26. Kf2 cxd4 27. Rfe1 Bg3+ 28. Kf3 Bxe1 29. Rxe1 Rf8 30. Bc6 Nd7+ 31. Ke2 Ne5 32. Kd1 Rc8 33. Qf5 1-0

[Event "*** Titled Tuesday Blitz"]
[Site "Chess.com"]
[Date "2021.02.02"]
[Round "9"]
[White "druskacik"]
[Black "Chimpinha"]
[Result "1-0"]
[WhiteElo "2583"]
[BlackElo "2395"]
[TimeControl "180+1"]
[EndTime "11:45:17 PST"]
[Termination "druskacik won by resignation"]

1. d4 Nf6 2. Bg5 g6 3. Bxf6 exf6 4. e3 Bg7 5. c4 O-O 6. Nc3 d6 7. g3 c6 8. Bg2 f5 9. Nge2 Nd7 10. b4 Nf6 11.
O-O Re8 12. b5 Ne4 13. Qc2 Qe7 14. Rab1 h5 15. h4 Be6 16. Nxe4 fxe4 17. bxc6 bxc6 18.
Bxe4 Bxc4 19. Bxc6 Be6 20. Rb7 Qf6 21. Bxe8 Rxe8 22.
Qc6 Rd8 23. Nf4 Bg4 24. Rxa7 g5 25. hxg5 Qxg5 26. Ra8 h4 27. gxh4 Qxh4 28. Rxd8+ Qxd8 29. Qg2 Qd7 30. Rb1 Qf5 31. Rb8+ Kh7 32. f3 Bh5 33. Nxh5 Qxh5 34. Qh1 Qxh1+ 35. Kxh1 Bh6 36. f4 Kg6 37. Kg2 Kf5 38. Kf3 d5 39. Re8 1-0

[Event "*** Titled Tuesday Blitz"]
[Site "Chess.com"]
[Date "2021.02.02"]
[Round "9"]
[White "kakakz"]
[Black "Andrakhanova"]
[Result "1-0"]
[WhiteElo "2447"]
[BlackElo "2272"]
[TimeControl "180+1"]
[EndTime "11:45:21 PST"]
[Termination "kakakz won by resignation"]

1. g3 d5 2. Bg2 c6 3. c4 Nf6 4. b3 e6 5. Bb2 g6 6. Nf3 Bg7 7.
O-O O-O 8. d3 Nbd7 9. Nbd2 b6 10.
e4 dxe4 11. dxe4 Bb7 12. e5 Ne8 13. Ne4 c5 14. Re1 Qc7 15. Nd6 Bc6 16. Nb5 Qb7 17. Qe2 a6 18. Na3 Rd8 19. Nh4 Bxg2 20. Nxg2 Nc7 21. h4 h5 22. Rad1 Nb8 23. Nf4 Nc6 24.
Nc2 Ne7 25. Ne3 Nf5 26. Nxf5 exf5 27. Rd6 Rxd6 28. exd6 Re8 29. Qxe8+ Nxe8 30. Rxe8+ Kh7 31. Re7 Qf3 32. Rxf7 Qd1+ 33. Kg2 Kg8 34. Rxg7+ Kf8 35.
d7 Qd6 36. Ne6+ 1-0

[Event "*** Titled Tuesday Blitz"]
[Site "Chess.com"]
[Date "2021.02.02"]
[Round "9"]
[White "OlifantCZ"]
[Black "Politov_Pavel"]
[Result "0-1"]
[WhiteElo "2184"]
[BlackElo "2425"]
[TimeControl "180+1"]
[EndTime "11:45:22 PST"]
[Termination "Politov_Pavel won by resignation"]

1. c4 Nf6 2. g3 g6 3. Bg2 Bg7 4. Nc3 O-O 5. e4 d6 6. Nge2 Nc6 7. O-O a6 8. h3 Rb8 9. a4 Na5 10. b3 c5 11. d3 Bd7 12. Bd2 Nc6 13. f4 Nb4 14.
Be3 Bc6 15. g4 Nd7 16. f5 Ne5 17.
Nc1 Nexd3 18. Nxd3 Bxc3 19. Rc1 Bg7 20. Nxb4 cxb4 21.
g5 Be5 22. Qe1 f6 23. Qxb4 fxg5 24. Bxg5 gxf5 25. exf5 Bxg2 26. Kxg2 Qd7 27. c5 Rxf5 28. h4 Rbf8 29. Qc4+ d5 30. Qd3 Rxg5+ 31. hxg5 Qg4+ 32.
Kh1 Qh4+ 0-1

[Event "*** Titled Tuesday Blitz"]
[Site "Chess.com"]
[Date "2021.02.02"]
[Round "9"]
[White "Kretov_Evgenij"]
[Black "Grammnik"]
[Result "0-1"]
[WhiteElo "2533"]
[BlackElo "2401"]
[TimeControl "180+1"]
[EndTime "11:45:24 PST"]
[Termination "Grammnik won by resignation"]

1. d4 d5 2. c4 c6 3. Nc3 Nf6 4. e3 e6 5. Nf3 Nbd7 6. Bd3 Bd6 7. e4 dxe4 8. Nxe4 Nxe4 9. Bxe4 Nf6 10. Bc2 Bb4+ 11.
Ke2 Be7 12. Qd3 b6 13. Rd1 c5 14. dxc5 Qxd3+ 15. Bxd3 Bxc5 16. Bd2 a5 17. Bc3 Bb7 18. Bxf6 gxf6 19. g3 h6 20. Nd2 f5 21. Nb3 Be7 22. Nd4 O-O-O 23. Nb5 h5 24. h4 f4 25. gxf4 Bxh4 26. c5 bxc5 27. Rac1 Be7 28. f5 h4 29. fxe6 fxe6 30. Bc4 Rh6 31. f3 h3 32. Rh1 Rg8 33.
Rh2 Rg3 34. Rc3 Rf6 35. f4 Rg2+ 36. Rxg2 hxg2 37. Rg3 Kd7 38. Ke3 Rh6 39. Rg7 Rh1 40. Kf2 Ke8 41. Nc7+ Kd7 42. Nxe6 Kd6 43. Rg3 Bh4 0-1

[Event "*** Titled Tuesday Blitz"]
[Site "Chess.com"]
[Date "2021.02.02"]
[Round "9"]
[White "Shahaliyev"]
[Black "strelec64"]
[Result "1-0"]
[WhiteElo "2724"]
[BlackElo "2502"]
[TimeControl "180+1"]
[EndTime "11:45:26 PST"]
[Termination "Shahaliyev won by resignation"]

1. e4 c5 2. Nf3 d6 3. c3 Nf6 4. Be2 g6 5. O-O Bg7 6. Re1 O-O 7. Bf1 Nc6 8. h3 b6 9. d4 cxd4 10. cxd4 Bb7 11. d5 Nb8 12. Nc3 Nbd7 13. Nd4 Rc8 14.
Bb5 Ne5 15. Qe2 Nfd7 16. Be3 Nc5 17. f4 Ned7 18. Nc6 Bxc6 19. Bxc6 Bxc3 20. bxc3 Nxe4 21.
Bd4 f5 22. Qf3 Ndf6 23. g4 Kf7 24. g5 Nh5 25. Rxe4 fxe4 26. Qxe4 Kg8 27. f5 Rxf5 28. Qe6+ Rf7 29. Rf1 1-0

[Event "*** Titled Tuesday Blitz"]
[Site "Chess.com"]
[Date "2021.02.02"]
[Round "9"]
[White "MaxLeto"]
[Black "cukin84"]
[Result "0-1"]
[WhiteElo "2293"]
[BlackElo "2151"]
[TimeControl "180+1"]
[EndTime "11:45:26 PST"]
[Termination "cukin84 won by resignation"]

1. e4 c6 2. d4 d5 3. Nc3 a6 4. Nf3 Bg4 5. h3 Bh5 6. g4 Bg6 7. exd5 cxd5 8. Ne5 Nc6 9. Nxg6 hxg6 10. Bg2 e6 11. Qd3 Nf6 12. Bg5 Qb6 13. O-O-O Be7 14.
Kb1 O-O-O 15. Rhe1 Bb4 16. Re3 Kb8 17. Na4 Qa5 18.
Qb3 Ka8 19. Rf3 Be7 20. Rc3 Rb8 21. Bf4 Rbe8 22. f3 Ka7 23. Bf1 Qb4 24. Nc5 Bxc5 25. Rxc5 Qxb3 26. axb3 Nd7 27. Rc3 Nb6 28. Re3 Rc8 29.
c3 Nd7 30. Rde1 Nd8 31. Bg3 Rc6 32. f4 Nf6 33. Bd3 Rxh3 34. f5 Nxg4 35. Rf3 gxf5 0-1

[Event "*** Titled Tuesday Blitz"]
[Site "Chess.com"]
[Date "2021.02.02"]
[Round "9"]
[White "Vnebo"]
[Black "EvgenyT"]
[Result "0-1"]
[WhiteElo "2732"]
[BlackElo "2975"]
[TimeControl "180+1"]
[EndTime "11:45:27 PST"]
[Termination "EvgenyT won by resignation"]

1. e4 c6 2. d4 d5 3. Nc3 dxe4 4. Nxe4 Bf5 5. Ng3 Bg6 6. Nf3 Nd7 7. Bd3 e6 8. O-O Ngf6 9. b3 Be7 10. Bb2 O-O 11. Bxg6 hxg6 12. c4 a5 13. a4 b5 14. Ne5 Qb6 15. Qe2 bxc4 16. bxc4 Nxe5 17. dxe5 Nd7 18. Ne4 Rab8 19. Bc3 Qc7 20. Nd6 Bxd6 21. exd6 Qxd6 22. Rfd1 Qc7 23. Qd2 Nb6 24. Qd4 f6 25. Bxa5 e5 26. Qg4 Qa7 27. Bxb6 Rxb6 28. Rd7 Rb7 29.
Qe6+ Kh7 30. Qh3+ Kg8 31. Qe6+ Kh7 32. Ra3 Rb1+ 0-1

[Event "*** Titled Tuesday Blitz"]
[Site "Chess.com"]
[Date "2021.02.02"]
[Round "9"]
[White "BL4D3RUNN3R"]
[Black "Fluke180"]
[Result "0-1"]
[WhiteElo "2223"]
[BlackElo "2434"]
[TimeControl "180+1"]
[EndTime "11:45:29 PST"]
[Termination "Fluke180 won on time"]

1. Nf3 c6 2. c4 d5 3. b3 Nf6 4.
Bb2 Nbd7 5. g3 e6 6. Bg2 Be7 7. O-O O-O 8. d4 Nb6 9. Qc2 Ne4 10. Nbd2 f5 11. Ne5 Bf6 12. Ndf3 Bd7 13. a4 Be8 14. a5 Nd7 15. a6 bxa6 16. Ba3 Bxe5 17. Bxf8 Bf6 18.
Ba3 Rb8 19. Rfd1 Qb6 20. Rab1 Bh5 21. e3 a5 22. Rdc1 Qa6 23. cxd5 cxd5 24. Bf1 Qb7 25. Nd2 Ng5 26. Qc7 Kf7 27. Bd6 Bd8 28. Qc2 Bf3 29.
Bxb8 Qxb8 30. h4 Be4 31. Nxe4 Nxe4 32. Qc8 Qxc8 33. Rxc8 Ke7 34. Ra8 Bb6 35. Bb5 Nc3 0-1

[Event "*** Titled Tuesday Blitz"]
[Site "Chess.com"]
[Date "2021.02.02"]
[Round "9"]
[White "IMRosen"]
[Black "Kostukov_Alex"]
[Result "1-0"]
[WhiteElo "2547"]
[BlackElo "2301"]
[TimeControl "180+1"]
[EndTime "11:45:29 PST"]
[Termination "IMRosen won on time"]

1. e4 c5 2. Nc3 g6 3. d4 cxd4 4. Qxd4 Nf6 5. Bb5 a6 6. e5 axb5 7. exf6 Nc6 8. Qd3 b4 9. Nd5 e6 10. Bf4 d6 11. Qe3 Ra5 12. Rd1 Rc5 13. Qxc5 exd5 14.
Qe3+ Be6 15. Rxd5 Qxf6 16. Bxd6 Qxb2 17. Nf3 Qc3+ 18. Qxc3 bxc3 19. Rd3 Bxa2 20. O-O Bxd6 21. Rxd6 O-O 22. Rd3 1-0